Map: Automaton LE

Players

HoRNET - Winner!

  • Race: Protoss Protoss
  • League: Platinum
  • Spawn Location: 3:00

userOne

  • Race: Zerg Zerg
  • League: Gold
  • Spawn Location: 9:00

VOD

Have the link to the VOD?

Description

Time

  • Played on: Dec. 15, 2018, 2:29 a.m.
  • Length: 5:57
Show
View Real Time Build Order
Export as new Build Order

HoRNET Protoss - Winner!

Build Orders: 1 Gate Expand 

Get SALT Encoding   

  12  0:04  Probe  
  13  0:17  Probe, Pylon  
  14  0:25  Probe  
  15  0:42  Gateway  
  15  0:47  Probe  
  16  0:56  Probe  
  17  1:04  Probe  
  17  1:10  Pylon  
  18  1:27  Nexus  
  18  1:33  Pylon  
  18  1:40  Forge  
  18  1:43  Probe  
  19  1:48  Zealot  
  21  2:07  Zealot  
  21  2:08  Probe  
  24  2:16  Photon Cannon  
  24  2:20  Probe  
  25  2:25  Photon Cannon  
  25  2:51  Pylon  
  25  3:38  Pylon  
  25  4:22  Gateway  
  15  5:01  Zealot  
Show
View Real Time Build Order
Export as new Build Order

userOne Zerg 

Build Orders: Pool First 

Get SALT Encoding   

  12  0:01  Drone  
  13  0:08  Drone  
  14  0:18  Overlord  
  14  0:35  Spawning Pool  
  13  0:50  Drone  
  14  1:15  Hatchery  
  13  1:23  Zergling x6  
  17  1:59  Zergling x6  
  20  3:07  Hatchery  
  9  5:13  Drone x3  
Tags
 
Add a new tag
Caveats
  • Supply blocks, unpowered buildings, or Contaminate may cause inaccurate times.
  • Supply counts are checked every 10 seconds.